TOP OF THE 1ST |
Hamilton Ross Rams batting - Pitching for Oregon State University Beavers : LHP Gil Guzman
|
Pitching: LHP Gil Guzman
|
|
Batting: LHB Addergoole Kartosuwiryo
|
0-0: Ball 1-0: SINGLE (Groundball, 34D, EV 95.0 MPH)
|
Batting: RHB Burke Miller
|
0-0: Ball 1-0: Called Strike 1-1: Foul Ball, location: 2F 1-2: Strikes out swinging
|
Batting: RHB Sam Costello
|
0-0: Called Strike 0-1: SINGLE (Groundball, 6MS, EV 70.6 MPH) (infield hit) Addergoole Kartosuwiryo to second
|
Batting: RHB Waggoner Wagner
|
0-0: Ball 1-0: SINGLE (Flyball, 7LS, EV 95.6 MPH) Addergoole Kartosuwiryo to third Sam Costello to second
|
Batting: SHB Steve Bailey
|
0-0: Ball 1-0: Called Strike 1-1: Foul Ball, location: 2F 1-2: Ball 2-2: Strikes out swinging
|
Batting: RHB C.J. Fleet
|
0-0: Called Strike 0-1: Ball 1-1: Ball 2-1: Swinging Strike 2-2: Foul Ball, location: 2F 2-2: Strikes out swinging
|
Top of the 1st over - 0 runs, 3 hits, 0 errors, 3 left on base; Hamilton Ross 0 - Oregon State University 0 |
BOTTOM OF THE 1ST |
Oregon State University Beavers batting - Pitching for Hamilton Ross Rams : RHP Gareth Valcourt
|
Pitching: RHP Gareth Valcourt
|
|
Batting: LHB Jon Hamilton
|
0-0: Ball 1-0: Foul Ball, location: 2F 1-1: Swinging Strike 1-2: Strikes out swinging
|
Batting: RHB Israel Soto
|
0-0: Ball 1-0: Foul Ball, location: 2F 1-1: Ball 2-1: Foul Ball, location: 2F 2-2: DOUBLE (Groundball, 5L, EV 98.8 MPH)
|
Batting: RHB Luis Flores
|
0-0: Foul Ball, location: 2F 0-1: Foul Ball, location: 2F 0-2: Strikes out swinging
|
Batting: RHB Rafael Ventura
|
0-0: TRIPLE (Flyball, 78XD, EV 93.8 MPH) Israel Soto scores
|
Batting: SHB Jim Chute
|
0-0: Ball 1-0: Called Strike 1-1: Ground out 6-3 (Groundball, 6D, EV 100.6 MPH)
|
Bottom of the 1st over - 1 run, 2 hits, 0 errors, 1 left on base; Hamilton Ross 0 - Oregon State University 1 |
TOP OF THE 2ND |
Hamilton Ross Rams batting - Pitching for Oregon State University Beavers : LHP Gil Guzman
|
Batting: LHB Jose Lopez
|
0-0: Called Strike 0-1: Ball 1-1: Foul Ball, location: 2F 1-2: Foul Ball, location: 2F 1-2: Foul Ball, location: 2F 1-2: Foul Ball, location: 2F 1-2: Ground out 6-3 (Groundball, 6, EV 105.6 MPH)
|
Batting: RHB Mark Kerr
|
0-0: Called Strike 0-1: Foul Ball, location: 2F 0-2: Ball 1-2: Foul Ball, location: 2F 1-2: Strikes out looking
|
Batting: RHB Anderson Shumate
|
0-0: Called Strike 0-1: Ball 1-1: Ground out 4-3 (Groundball, 34D, EV 85.0 MPH)
|
Top of the 2nd over - 0 runs, 0 hits, 0 errors, 0 left on base; Hamilton Ross 0 - Oregon State University 1 |
BOTTOM OF THE 2ND |
Oregon State University Beavers batting - Pitching for Hamilton Ross Rams : RHP Gareth Valcourt
|
Batting: LHB Pablo Fraga
|
0-0: Fly out, F7 (Flyball, 7, EV 91.2 MPH)
|
Batting: LHB Jason Trevarrow
|
0-0: Swinging Strike 0-1: Foul Ball, location: 2F 0-2: Strikes out looking
|
Batting: LHB Brock Darby
|
0-0: Called Strike 0-1: Ball 1-1: Foul Ball, location: 2F 1-2: Strikes out looking
|
Bottom of the 2nd over - 0 runs, 0 hits, 0 errors, 0 left on base; Hamilton Ross 0 - Oregon State University 1 |
TOP OF THE 3RD |
Hamilton Ross Rams batting - Pitching for Oregon State University Beavers : LHP Gil Guzman
|
Batting: LHB Addergoole Kartosuwiryo
|
0-0: Called Strike 0-1: Foul Ball, location: 2F 0-2: Foul Ball, location: 2F 0-2: Strikes out swinging
|
Batting: RHB Burke Miller
|
0-0: Foul Ball, location: 2F 0-1: Fly out, F8 (Line Drive, 89M, EV 106.2 MPH)
|
Batting: RHB Sam Costello
|
0-0: Ball 1-0: DOUBLE (Line Drive, 7LD, EV 101.2 MPH)
|
Batting: RHB Waggoner Wagner
|
0-0: Ball 1-0: Fly out, F8 (Flyball, 8LD, EV 91.2 MPH)
|
Top of the 3rd over - 0 runs, 1 hit, 0 errors, 1 left on base; Hamilton Ross 0 - Oregon State University 1 |
BOTTOM OF THE 3RD |
Oregon State University Beavers batting - Pitching for Hamilton Ross Rams : RHP Gareth Valcourt
|
Batting: SHB Sosaia Apelahama
|
0-0: Ball 1-0: Called Strike 1-1: Called Strike 1-2: Ball 2-2: Ball 3-2: Base on Balls
|
Batting: LHB Jon Hamilton
|
0-0: Ball 1-0: Fielders Choice at 2nd, 3-6 (Groundball, 23, EV 88.1 MPH)
|
Batting: RHB Israel Soto
|
0-0: Swinging Strike 0-1: Ball 1-1: Ball 2-1: Ball 3-1: Called Strike Pickoff Play to 1st, Runner tries for 2nd, OUT after rundown. 3-2: Strikes out swinging
|
Bottom of the 3rd over - 0 runs, 0 hits, 0 errors, 0 left on base; Hamilton Ross 0 - Oregon State University 1 |
TOP OF THE 4TH |
Hamilton Ross Rams batting - Pitching for Oregon State University Beavers : LHP Gil Guzman
|
Batting: SHB Steve Bailey
|
0-0: Ball 1-0: Called Strike 1-1: Foul Ball, location: 2F 1-2: Strikes out looking
|
Batting: RHB C.J. Fleet
|
0-0: Ball 1-0: Ball 2-0: Ball 3-0: Base on Balls
|
Batting: LHB Jose Lopez
|
0-0: Called Strike 0-1: Swinging Strike 0-2: Foul Ball, location: 2F 0-2: Strikes out swinging
|
Batting: RHB Mark Kerr
|
0-0: Fly out, F9 (Flyball, 9LS, EV 88.1 MPH)
|
Top of the 4th over - 0 runs, 0 hits, 0 errors, 1 left on base; Hamilton Ross 0 - Oregon State University 1 |
BOTTOM OF THE 4TH |
Oregon State University Beavers batting - Pitching for Hamilton Ross Rams : RHP Gareth Valcourt
|
Batting: RHB Luis Flores
|
0-0: Called Strike 0-1: Foul Ball, location: 2F 0-2: Ground out 6-3 (Groundball, 6, EV 81.2 MPH)
|
Batting: RHB Rafael Ventura
|
0-0: Called Strike 0-1: Foul Ball, location: 2F 0-2: Ball 1-2: Strikes out swinging
|
Batting: SHB Jim Chute
|
0-0: Ball 1-0: Called Strike 1-1: Ball 2-1: Ground out 4-3 (Groundball, 4, EV 99.4 MPH)
|
Bottom of the 4th over - 0 runs, 0 hits, 0 errors, 0 left on base; Hamilton Ross 0 - Oregon State University 1 |
TOP OF THE 5TH |
Hamilton Ross Rams batting - Pitching for Oregon State University Beavers : LHP Gil Guzman
|
Batting: RHB Anderson Shumate
|
0-0: Ball 1-0: Ball 2-0: Ball 3-0: Base on Balls
|
Batting: LHB Addergoole Kartosuwiryo
|
0-0: Foul Ball, location: 2F 0-1: DOUBLE (Line Drive, 7LS, EV 110.0 MPH) Anderson Shumate to third Runner from 3rd tries for Home, SAFE, throw by LF to home
|
Batting: RHB Burke Miller
|
0-0: Ball 1-0: Ball 2-0: Ball 3-0: Called Strike 3-1: Base on Balls
|
Batting: RHB Sam Costello
|
0-0: Called Strike 0-1: Ball 1-1: Ball 2-1: Foul Ball, location: 2F 2-2: Ball 3-2: Foul Ball, location: 2F 3-2: Grounds into double play, 6-4-3 (Groundball, 6, EV 88.8 MPH) Addergoole Kartosuwiryo to third
|
Pitching: RHP Bill Vadeboncoeur
|
|
Batting: RHB Waggoner Wagner
|
0-0: Ball 1-0: Reached on error, E6 (Groundball, 6M, EV 103.1 MPH) Addergoole Kartosuwiryo scores
|
Batting: SHB Steve Bailey
|
0-0: Foul Ball, location: 2F 0-1: Called Strike 0-2: Ball 1-2: Strikes out swinging
|
Top of the 5th over - 2 runs, 1 hit, 1 error, 1 left on base; Hamilton Ross 2 - Oregon State University 1 |
BOTTOM OF THE 5TH |
Oregon State University Beavers batting - Pitching for Hamilton Ross Rams : RHP Gareth Valcourt
|
Batting: LHB Pablo Fraga
|
0-0: SINGLE (Groundball, 34S, EV 68.8 MPH) (infield hit)
|
Batting: LHB Jason Trevarrow
|
0-0: Ball 1-0: Called Strike 1-1: Fly out, F8 (Flyball, 8LM, EV 88.1 MPH)
|
Batting: LHB Brock Darby
|
0-0: Ball 1-0: Called Strike 1-1: Ball 2-1: Reached on error, E3 (Groundball, 3, EV 90.6 MPH) Pablo Fraga to second
|
Batting: SHB Sosaia Apelahama
|
0-0: Fielders Choice at 2nd, 6-4 (Groundball, 6M, EV 96.2 MPH) Pablo Fraga to third
|
Batting: LHB Jon Hamilton
|
0-0: Foul Ball, location: 2F 0-1: Ball 1-1: Fly out, F4 (Popup, 34D, EV 66.9 MPH)
|
Bottom of the 5th over - 0 runs, 1 hit, 1 error, 2 left on base; Hamilton Ross 2 - Oregon State University 1 |
TOP OF THE 6TH |
Hamilton Ross Rams batting - Pitching for Oregon State University Beavers : RHP Bill Vadeboncoeur
|
Batting: RHB C.J. Fleet
|
0-0: Ball 1-0: Ground out 4-3 (Groundball, 4, EV 101.9 MPH)
|
Batting: LHB Jose Lopez
|
0-0: Fly out, F7 (Flyball, 7S, EV 82.5 MPH)
|
Batting: RHB Mark Kerr
|
0-0: Ball 1-0: Called Strike 1-1: Ball 2-1: Swinging Strike 2-2: Foul Ball, location: 2F 2-2: Strikes out swinging
|
Top of the 6th over - 0 runs, 0 hits, 0 errors, 0 left on base; Hamilton Ross 2 - Oregon State University 1 |
BOTTOM OF THE 6TH |
Oregon State University Beavers batting - Pitching for Hamilton Ross Rams : RHP Gareth Valcourt
|
Batting: RHB Israel Soto
|
0-0: Ball 1-0: Swinging Strike 1-1: Swinging Strike 1-2: Strikes out swinging
|
Batting: RHB Luis Flores
|
0-0: Swinging Strike 0-1: Foul Ball, location: 2F 0-2: Strikes out looking
|
Batting: RHB Rafael Ventura
|
0-0: Called Strike 0-1: Ball 1-1: Ball 2-1: Called Strike 2-2: Ball 3-2: SINGLE (Groundball, 4D, EV 96.2 MPH)
|
Batting: SHB Jim Chute
|
0-0: Called Strike 0-1: Ball Rafael Ventura is caught stealing 2nd base 2-6
|
Bottom of the 6th over - 0 runs, 1 hit, 0 errors, 0 left on base; Hamilton Ross 2 - Oregon State University 1 |
TOP OF THE 7TH |
Hamilton Ross Rams batting - Pitching for Oregon State University Beavers : RHP Bill Vadeboncoeur
|
Batting: RHB Anderson Shumate
|
0-0: Ball 1-0: Reached on error, E6 (Groundball, 6, EV 91.2 MPH)
|
Pitching: LHP Mark Sander
|
|
Batting: LHB Addergoole Kartosuwiryo
|
0-0: Called Strike 0-1: Ball 1-1: Ball 2-1: Swinging Strike 2-2: Foul Ball, location: 2F 2-2: Ball 3-2: Foul Ball, location: 2F 3-2: Strikes out looking
|
Batting: RHB Burke Miller
|
0-0: Called Strike 0-1: Ball 1-1: Ball 2-1: Ball 3-1: Called Strike 3-2: Base on Balls
|
Batting: RHB Sam Costello
|
0-0: Called Strike 0-1: Called Strike 0-2: Strikes out swinging
|
Batting: RHB Waggoner Wagner
|
0-0: Fielders Choice at 2nd, 6-4 (Groundball, 56, EV 93.8 MPH)
|
Top of the 7th over - 0 runs, 0 hits, 1 error, 2 left on base; Hamilton Ross 2 - Oregon State University 1 |
BOTTOM OF THE 7TH |
Oregon State University Beavers batting - Pitching for Hamilton Ross Rams : RHP Gareth Valcourt
|
Batting: SHB Jim Chute
|
0-0: Ball 1-0: Called Strike 1-1: Ball 2-1: Reached on error, E5 (Groundball, 56, EV 96.9 MPH)
|
Pitching: RHP Gerald Heemskerk
|
|
Batting: LHB Pablo Fraga
|
0-0: Called Strike 0-1: Ball 1-1: Swinging Strike 1-2: Strikes out swinging
|
Batting: LHB Jason Trevarrow
|
0-0: Called Strike 0-1: Ball 1-1: Called Strike 1-2: Strikes out swinging
|
Batting: LHB Brock Darby
|
0-0: Ball 1-0: Ball Wild Pitch! Jim Chute to second 2-0: Called Strike 2-1: Called Strike 2-2: Strikes out looking
|
Bottom of the 7th over - 0 runs, 0 hits, 1 error, 1 left on base; Hamilton Ross 2 - Oregon State University 1 |
TOP OF THE 8TH |
Hamilton Ross Rams batting - Pitching for Oregon State University Beavers : LHP Mark Sander
|
Batting: SHB Steve Bailey
|
0-0: Called Strike 0-1: Called Strike 0-2: Ball 1-2: Foul Ball, location: 2F 1-2: Ball 2-2: Strikes out swinging
|
Batting: RHB C.J. Fleet
|
0-0: Called Strike 0-1: Ball 1-1: Ball 2-1: Ball 3-1: SOLO HOME RUN (Line Drive, 7D, EV 106.9 MPH), Distance : 401 ft
|
Batting: LHB Jose Lopez
|
0-0: Foul Ball, location: 2F 0-1: Ball 1-1: Foul Ball, location: 2F 1-2: Foul Ball, location: 2F 1-2: DOUBLE (Line Drive, 89D, EV 110.6 MPH)
|
Batting: RHB Mark Kerr
|
0-0: Ball 1-0: Called Strike 1-1: Ball 2-1: Foul Ball, location: 2F 2-2: Ball 3-2: Base on Balls
|
Batting: RHB Anderson Shumate
|
0-0: Ball 1-0: Called Strike 1-1: SINGLE (Groundball, 34, EV 103.8 MPH) Jose Lopez to third Mark Kerr to second
|
Batting: LHB Addergoole Kartosuwiryo
|
0-0: Grounds into fielders choice 4-2 (Groundball, 4S, EV 88.8 MPH) Mark Kerr to third Anderson Shumate to second
|
Batting: RHB Burke Miller
|
0-0: Called Strike 0-1: Ball 1-1: Swinging Strike 1-2: Strikes out swinging
|
Top of the 8th over - 1 run, 3 hits, 0 errors, 3 left on base; Hamilton Ross 3 - Oregon State University 1 |
BOTTOM OF THE 8TH |
Oregon State University Beavers batting - Pitching for Hamilton Ross Rams : RHP Gerald Heemskerk
|
Batting: SHB Sosaia Apelahama
|
0-0: Ball 1-0: Ball 2-0: Swinging Strike 2-1: Foul Ball, location: 2F 2-2: Ball 3-2: Foul Ball, location: 2F 3-2: Foul Ball, location: 2F 3-2: Strikes out looking
|
Batting: LHB Jon Hamilton
|
0-0: Called Strike 0-1: Ball 1-1: Ball 2-1: Ball 3-1: Foul Ball, location: 2F 3-2: Foul Ball, location: 2F 3-2: Foul Ball, location: 2F 3-2: Strikes out swinging
|
Batting: RHB Israel Soto
|
0-0: Called Strike 0-1: Ball 1-1: Ball 2-1: Ball 3-1: Called Strike 3-2: Base on Balls
|
Batting: RHB Luis Flores
|
0-0: Ball 1-0: Ball 2-0: Foul Ball, location: 2F 2-1: Called Strike 2-2: Foul Ball, location: 2F 2-2: Foul Ball, location: 2F 2-2: SINGLE (Line Drive, 78S, EV 99.4 MPH) Israel Soto to second
|
Batting: RHB Rafael Ventura
|
0-0: Ball 1-0: Ball 2-0: Called Strike 2-1: Ground out 3-1 (Groundball, 34S, EV 85.0 MPH)
|
Bottom of the 8th over - 0 runs, 1 hit, 0 errors, 2 left on base; Hamilton Ross 3 - Oregon State University 1 |
TOP OF THE 9TH |
Hamilton Ross Rams batting - Pitching for Oregon State University Beavers : LHP Mark Sander
|
Pitching: RHP Wang-fen Ang
|
|
Batting: RHB Sam Costello
|
0-0: Foul Ball, location: 2F 0-1: Foul Ball, location: 2F 0-2: Foul Ball, location: 2F 0-2: Ball 1-2: Ball 2-2: Foul Ball, location: 2F 2-2: Reached on error, E6 (Groundball, 6, EV 84.4 MPH)
|
Batting: RHB Waggoner Wagner
|
0-0: Ball 1-0: Ball 2-0: Ball 3-0: Base on Balls Sam Costello to second
|
Batting: SHB Steve Bailey
|
0-0: Called Strike 0-1: Swinging Strike 0-2: Foul Ball, location: 2F 0-2: Strikes out swinging
|
Batting: RHB C.J. Fleet
|
0-0: Called Strike 0-1: Ball 1-1: Swinging Strike 1-2: Ball 2-2: Strikes out looking
|
Batting: LHB Jose Lopez
|
0-0: Ball 1-0: Foul Ball, location: 2F 1-1: Foul Ball, location: 2F 1-2: Foul Ball, location: 2F 1-2: Fly out, F9 (Flyball, 89S, EV 86.9 MPH)
|
Top of the 9th over - 0 runs, 0 hits, 1 error, 2 left on base; Hamilton Ross 3 - Oregon State University 1 |
BOTTOM OF THE 9TH |
Oregon State University Beavers batting - Pitching for Hamilton Ross Rams : RHP Gerald Heemskerk
|
Pitching: LHP Setsuo Kimura
|
|
Batting: SHB Jim Chute
|
0-0: Ball 1-0: SINGLE (Flyball, 89M, EV 95.0 MPH)
|
Batting: LHB Pablo Fraga
|
0-0: Called Strike 0-1: Ball 1-1: Fielders Choice at 2nd, 2-4 (Groundball, 2L, EV 66.2 MPH)
|
Batting: LHB Jason Trevarrow
|
0-0: Ball 1-0: Called Strike 1-1: Foul Ball, location: 2F 1-2: Ball 2-2: Strikes out looking
|
Pinch Hitting: SHB Manny Zatarain
|
0-0: Called Strike 0-1: Foul Ball, location: 2F 0-2: Ball 1-2: Ball 2-2: Ball 3-2: Foul Ball, location: 2F 3-2: DOUBLE (Line Drive, 78D, EV 99.4 MPH) Pablo Fraga to third Pablo Fraga scores
|
Batting: SHB Sosaia Apelahama
|
0-0: Foul Ball, location: 2F 0-1: Ball 1-1: Swinging Strike 1-2: Strikes out looking
|
Bottom of the 9th over - 1 run, 2 hits, 0 errors, 1 left on base; Hamilton Ross 3 - Oregon State University 2 |
|